 Dungeon Crawl Stone Soup version 0.21-a0-331-gfb491b4 (webtiles) character file.

3864 Firecrotchwizard the Cleaver (level 9, -1/80 (82) HPs)
             Began as a Minotaur Berserker on Oct 3, 2017.
             Was a High Priest of Trog.
             Slain by a dream sheep (25 damage)
             ... on level 8 of the Dungeon.
             The game lasted 00:19:14 (8311 turns).

Firecrotchwizard the Cleaver (Minotaur Berserker)   Turns: 8311, Time: 00:19:14

HP:   -1/80 (82)    AC: 17    Str: 22    XL:     9   Next: 99%
MP:   17/17         EV:  9    Int:  4    God:    Trog [*****.]
Gold: 246           SH:  0    Dex: 13    Spells: 8/8 levels left

rFire    . . .     SeeInvis .   a - +1 hand axe
rCold    . . .     Gourm    .   I - +0 buckler
rNeg     . . .     Faith    .   s - +0 plate armour
rPois    +         Spirit   .   (helmet restricted)
rElec    .         Reflect  .   f - +0 cloak
rCorr    .         Harm     .   i - +1 pair of gloves
MR       ++...                  (no boots)
Stlth    ..........             (no amulet)
HPRegen  1.23/turn              r - ring of poison resistance {rPois, !d}
MPRegen  0.15/turn              G - ring of magical power {MP+9}

@: sleeping, regenerating
A: retaliatory headbutt, horns 2
a: Berserk, Trog's Hand, Brothers in Arms, Burn Spellbooks, Renounce Religion


You were on level 8 of the Dungeon.
You worshipped Trog.
Trog was extremely pleased with you.
You were not hungry.

You visited 1 branch of the dungeon, and saw 8 of its levels.

You collected 381 gold pieces.
You spent 135 gold pieces at shops.

Inventory:

Hand Weapons
 a - a +1 hand axe (weapon)
 y - a +0 blowgun
   (You took it off a kobold on level 3 of the Dungeon)
 J - a +2 flail of distortion {!w}
   (You took it off Edmund on level 7 of the Dungeon)
Missiles
 b - 6 curare-tipped needles
 B - 42 poisoned needles
Armour
 f - a +0 cloak (worn)
   (You found it on level 2 of the Dungeon)
 i - a +1 pair of gloves (worn)
   (You found it on level 1 of the Dungeon)
 s - a +0 plate armour (worn)
   (You found it on level 1 of the Dungeon)
 I - a +0 buckler (worn)
   (You bought it in a shop on level 7 of the Dungeon)
Jewellery
 r - a ring of poison resistance (left hand) {rPois, !d}
   (You found it on level 2 of the Dungeon)
 t - a +3 ring of intelligence
   (You found it on level 3 of the Dungeon)
 G - a ring of magical power (right hand) {MP+9}
   (You found it on level 6 of the Dungeon)
 K - an uncursed ring of magical power {MP+9}
   (You took it off Edmund on level 7 of the Dungeon)
Wands
 w - a wand of clouds (9/9)
   (You took it off a hobgoblin on level 3 of the Dungeon)
 C - a wand of acid (8/15)
   (You found it on level 4 of the Dungeon)
 E - a wand of random effects (16/48)
   (You found it on level 8 of the Dungeon)
Scrolls
 e - 6 scrolls of identify
 j - 3 scrolls of teleportation
 l - 2 scrolls of recharging
 n - 2 scrolls of enchant weapon
 q - a scroll of enchant armour
 D - 3 scrolls of remove curse
 L - a scroll of fear
Potions
 d - 4 potions of curing
 g - 3 potions of mutation {!q}
 h - 3 potions of brilliance {unknown}
 m - a potion of flight {unknown}
 o - a potion of experience {unknown}
 v - a potion of lignification {unknown}
 x - a potion of might {unknown}
 z - a potion of magic {unknown}
 A - a potion of heal wounds {unknown}
 F - 2 potions of haste {unknown}
 H - a potion of berserk rage {unknown}
 N - a potion of resistance {unknown}
 O - a potion of ambrosia {unknown}
Comestibles
 c - 2 bread rations {@e1}
 k - 5 meat rations {@e2}
 u - 2 fruits
 M - 4 royal jellies


   Skills:
 + Level 8.6 Fighting
 * Level 11.2 Axes
 + Level 8.2 Armour
 - Level 6.4 Dodging
 + Level 3.5 Shields


You had 8 spell levels left.
You didn't know any spells.

Dungeon Overview and Level Annotations

Branches:
Dungeon (8/15)
 Temple: D:4-7         Lair: D:8-11

Altars:
Fedhas
Hepliaklqana
Nemelex Xobeh
Okawaru
Zin
The Shining One

Shops:
D:7 [


Innate Abilities, Weirdness & Mutations

You reflexively headbutt those who attack you in melee.
You have a pair of horns on your head.


Message History

A worker ant is nearby!
The worker ant closely misses you. You furiously retaliate!
You headbutt the worker ant. You hit the worker ant.
You closely miss the worker ant.
You headbutt the worker ant, but do no damage.
The worker ant closely misses you.
You hit the worker ant but do no damage.
The worker ant bites you but does no damage.
You barely miss the worker ant. You block the worker ant's attack.
You slash the worker ant!
You kill the worker ant!
Trog accepts your kill.
No target in view!
All of the chunks of flesh in your inventory have rotted away.
A big kobold comes into view.
The big kobold shouts!
The big kobold picks up a falchion of flaming.
The big kobold wields a falchion of flaming.
It bursts into flame!
A big kobold is nearby!
A big kobold comes into view.
The big kobold shouts!
A big kobold opens the gate. 2 yaks come into view. 2 dream sheep come into view.
The dream sheep bleats!
The yak bellows! x2
The big kobold hits you but does no damage.
You hit the big kobold.
You hit the big kobold but do no damage.
You headbutt the big kobold.
The big kobold hits you but does no damage.
You closely miss the big kobold.
The big kobold hits you but does no damage.
You barely miss the big kobold. Your headbutt misses the big kobold.
The dream sheep shake their wool and sparkle.
You feel drowsy...
You fall asleep.
The big kobold hits you but does no damage.
The big kobold hits you with a falchion of flaming!!
You wake up.
The big kobold burns you! The big kobold misses you. You furiously retaliate!
You headbutt the big kobold.
You take 31 damage, and have 49/80 hp.
MASSIVE DAMAGE!!
You slash the big kobold!
You hit the big kobold but do no damage.
You hit the dream sheep. You hit the yak. The big kobold completely misses you.
You furiously retaliate!
You headbutt the big kobold. You block the big kobold's attack.
The yak gores you but does no damage. The dream sheep bites you!
You take 7 damage, and have 42/80 hp.
You hit the big kobold. You headbutt the big kobold!
You kill the big kobold!
Trog accepts your kill.
You hit the yak. You hit the dream sheep. You barely miss the big kobold.
The big kobold hits you but does no damage.
The yak closely misses you.
You hit the dream sheep. You hit the big kobold. You barely miss the yak.
You hit the yak. The dream sheep barely misses you.
You block the big kobold's attack.
You barely miss the dream sheep. You hit the yak. You barely miss the yak.
You hit the big kobold but do no damage.
The yak closely misses you.
The dream sheep bites you but does no damage.
You block the yak's attack.
The dream sheep bites the plant.
You hit the dream sheep. You headbutt the dream sheep. You hit the big kobold.
You hit the yak. You barely miss the yak.
The big kobold hits you but does no damage.
The yak gores you! x2; The dream sheep closely misses you.
You furiously retaliate!
You headbutt the dream sheep!
You take 17 damage, and have 25/80 hp.
MASSIVE DAMAGE!!
You are too injured to fight recklessly!
The yak gores you.
* * * LOW HITPOINT WARNING * * *
You take 2 damage, and have 23/80 hp.
You slash the big kobold! The big kobold closely misses you.
You hit the big kobold.
You headbutt the big kobold, but do no damage.
The dream sheep shake their wool and sparkle.
You feel drowsy...
You fall asleep.
The big kobold hits you.
You wake up.
* * * LOW HITPOINT WARNING * * *
You take 5 damage, and have 18/80 hp.
You hit the big kobold. You hit the big kobold.
Your headbutt misses the big kobold.
The big kobold hits you but does no damage.
You closely miss the big kobold. You headbutt the big kobold.
The big kobold hits you but does no damage.
You hit the big kobold.
You kill the big kobold!
Trog accepts your kill.
The dream sheep ruffle their wool and motes of dream dust sparkle, to no effect.
Your skin crawls.
You feel resistant to hostile enchantments.
You feel somewhat more hungry. The yak gores you but does no damage.
The dream sheep shake their wool and sparkle.
You feel drowsy...
You fall asleep.
The yak closely misses you. The dream sheep bites you!!
You die...

#.#
#..........#.
..#
#.###.#######..#
#.##...........#
#.##..####..####
#.##..# ##....#
####.##..#
##.#.# #
#........#
#.#.#.#
#.#####..#
#.....# #.# #..#
#Y@#...... #.#
#..#
####Y####### ..#
#... #=≈.YY≈PP#
..#####.###
#..%..)≈P#
........#
#%.P..P≈≈#
.########
#.%...≈≈P# .#
#.....P≈.# .#
##'''###+# ##
.....#


You could see 2 yaks and 2 dream sheep.

Vanquished Creatures
  The ghost of marriedatthemol the Skirmisher, a novice GrBe of Trog (D:4)
  A troll (D:7)
  Prince Ribbit (D:6)
  Sigmund (D:3)
  Eustachio (D:6)
  2 hungry ghosts (D:8)
  An acid dragon (D:8)
  Edmund (D:7)
  6 necrophages (D:7)
  An orc warrior (D:5)
  An ice beast (D:5)
  2 centaurs
  2 big kobolds (D:8)
  3 bullfrogs
  A wyvern skeleton (D:8)
  4 killer bees (D:7)
  2 wights (D:7)
  A centaur zombie (D:7)
  A hound (D:6)
  4 jellies
  2 centaur skeletons (D:5)
  4 orc priests
  A gnoll shaman (D:6)
  An orc wizard (D:7)
  2 iguanas
  4 worker ants
  2 hound zombies (D:6)
  2 hound skeletons (D:4)
  A worker ant zombie (D:7)
  8 adders
  7 gnolls
  An ooze (D:2)
  An adder zombie (D:7)
  3 worms
  2 dart slugs
  6 leopard geckos
  23 orcs
  3 ball pythons
  7 bats
  6 giant cockroaches
  10 goblins
  11 hobgoblins
  18 jackals
  14 kobolds
  3 quokkas
  4 frilled lizards
  A jackal skeleton (D:8)
  A leopard gecko zombie (D:7)
  5 rats
190 creatures vanquished.

Vanquished Creatures (others)
  A frilled lizard (D:4)
  A bush (D:6)
2 creatures vanquished.

Grand Total: 192 creatures vanquished

Notes
Turn   | Place    | Note
-------+----------+-------------------------------------------
     0 | D:1      | Firecrotchwizard the Minotaur Berserker began the quest for the Orb.
     0 | D:1      | Reached XP level 1. HP: 19/19 MP: 0/0
   243 | D:1      | Reached XP level 2. HP: 26/27 MP: 1/1
   558 | D:1      | Reached skill level 4 in Axes
   565 | D:1      | Reached skill level 4 in Fighting
   635 | D:1      | Reached skill level 3 in Armour
  1087 | D:2      | Reached XP level 3. HP: 33/33 MP: 2/2
  1143 | D:2      | Reached ** piety under Trog
  1169 | D:2      | Found a glowing golden altar of the Shining One.
  1181 | D:2      | Found a hazy altar of Hepliaklqana.
  1490 | D:2      | Reached XP level 4. HP: 34/40 MP: 3/3
  1866 | D:2      | Found a sparkling altar of Nemelex Xobeh.
  2042 | D:2      | Reached skill level 3 in Dodging
  2434 | D:3      | Noticed Sigmund
  2444 | D:3      | Killed Sigmund
  2444 | D:3      | Reached skill level 5 in Axes
  2444 | D:3      | Reached skill level 4 in Armour
  2444 | D:3      | Reached XP level 5. HP: 20/47 MP: 4/4
  2444 | D:3      | Reached XP level 6. HP: 23/55 MP: 5/5
  2499 | D:3      | Reached skill level 5 in Fighting
  2759 | D:3      | Reached skill level 6 in Axes
  2868 | D:3      | Reached *** piety under Trog
  3675 | D:4      | Noticed marriedatthemol's ghost (novice GrBe)
  3712 | D:4      | Killed marriedatthemol's ghost
  3712 | D:4      | Reached skill level 5 in Armour
  3712 | D:4      | Reached skill level 4 in Dodging
  3712 | D:4      | Reached XP level 7. HP: 62/62 MP: 6/6
  3967 | D:4      | Found a glowing silver altar of Zin.
  4086 | D:5      | Entered Level 5 of the Dungeon
  4091 | D:5      | Reached skill level 7 in Axes
  4413 | D:5      | Reached skill level 6 in Fighting
  4446 | D:5      | HP: 23/94 [orc warrior/hand axe (2)]
  4488 | D:5      | Reached XP level 8. HP: 47/70 MP: 7/7
  4495 | D:5      | Reached skill level 5 in Dodging
  4583 | D:5      | Reached skill level 8 in Axes
  5118 | D:6      | Noticed Eustachio
  5150 | D:6      | Killed Eustachio
  5150 | D:6      | Reached skill level 6 in Armour
  5299 | D:6      | Noticed Edmund
  5308 | D:6      | HP: 14/71 [Edmund/flail of distortion (11)]
  5310 | D:6      | HP: 4/71 [Edmund/flail of distortion (5)]
  5327 | D:6      | HP: 13/71 [Edmund/flail of distortion (22)]
  5731 | D:6      | Found an iron altar of Okawaru.
  5807 | D:6      | Noticed Prince Ribbit
  5817 | D:6      | Killed Prince Ribbit
  5817 | D:6      | Reached **** piety under Trog
  5817 | D:6      | Reached skill level 7 in Fighting
  5817 | D:6      | Reached skill level 9 in Axes
  6157 | D:6      | Found a blossoming altar of Fedhas.
  6273 | D:7      | Reached skill level 6 in Dodging
  6282 | D:7      | Reached XP level 9. HP: 77/78 MP: 8/8
  6332 | D:7      | Noticed a troll
  6345 | D:7      | Killed a troll
  6345 | D:7      | Reached skill level 7 in Armour
  6805 | D:7      | Found Fyhucage's Antique Armour Emporium.
  6818 | D:7      | Reached skill level 10 in Axes
  6840 | D:7      | Bought a buckler for 135 gold pieces
  6879 | D:7      | Killed Edmund
  6947 | D:7      | Reached skill level 1 in Shields
  7135 | D:7      | Reached skill level 8 in Fighting
  7181 | D:7      | Reached skill level 2 in Shields
  7600 | D:7      | Found an iron altar of Okawaru.
  7702 | D:8      | Reached ***** piety under Trog
  7751 | D:8      | Reached skill level 8 in Armour
  7751 | D:8      | Reached skill level 3 in Shields
  7781 | D:8      | Reached skill level 11 in Axes
  8303 | D:8      | HP: 18/80 [big kobold (5)]
  8311 | D:8      | Slain by a dream sheep

Vault maps used:
D:1:      tarquinn_simple_flora_water_c
D:2:      nemelex_xobeh_ov_fountains_minmay, lemuel_doored_altar,
          minmay_hexomino_r4
D:3:      uniq_sigmund
D:4:      zin_statuary, first_bread, lemuel_old_faithful
D:5:      minivault_23
D:6:      fedhas_bush_and_centaur_altar, minmay_temple_entry_from_below_b,
          basic_altar, minmay_crystal_room, uniq_eustachio, uniq_prince_ribbit1,
          uniq_edmund
D:7:      lemuel_ice_spiral_2, serial_shops, nicolae_shop_stone, serial_undead,
          serial_undead_b, serial_undead_d, serial_undead_c, serial_undead_a,
          serial_undead_d, okawaru_altar_gauntlet_db
D:8:      serial_shops, nicolae_shop_behind_doors, hangedman_ranch,
          grunt_ministairs_15

Skill      XL: |  1  2  3  4  5  6  7  8  9 |
---------------+----------------------------+-----
Axes           | 4 5 6 7 9 11 | 11.2
Fighting       | 4 5 6 7 8 |  8.6
Armour         | 3 4 5 6 8 |  8.2
Dodging        | 3 4 6 |  6.4
Shields        | 3 |  3.5

Action                   |  1- 3 |  4- 6 |  7- 9 || total
-------------------------+-------+-------+-------++-------
Melee: Hand axe          |    65 |   157 |   399 ||   621
       Headbutt          |     7 |    27 |    75 ||   109
Invok: Trog's Hand       |       |     2 |     2 ||     4
       Berserk           |       |     1 |     2 ||     3
  Use: Scroll            |       |       |    11 ||    11
       Potion            |       |       |     3 ||     3
 Stab: Sleeping          |     1 |       |       ||     1
  Eat: Chunk             |     1 |     8 |    18 ||    27
       Royal jelly       |       |       |     2 ||     2
       Fruit             |       |       |     3 ||     3
       Meat ration       |       |       |     1 ||     1
Armor: Animal skin       |    11 |       |       ||    11
       Plate armour      |       |    97 |   241 ||   338
Dodge: Dodged            |    49 |    45 |   194 ||   288
Block: Buckler           |       |       |    30 ||    30

Table legend:
 A = Spawn XP
 B = Non-spawn XP
 C = Spawn XP percentage of total XP
 D = Spawn monster count
 E = Non-spawn monster count
 F = Spawn count percentage of total count
 G = Total turns spent on level
                    A         B        C        D         E        F      G
               +---------+---------+-------+---------+---------+-------+---------
         Total |       0 |    5520 |   0.0 |       0 |     190 |   0.0 |  8311
               +---------+---------+-------+---------+---------+-------+---------
           D:1 |       0 |      40 |   0.0 |       0 |      22 |   0.0 |  1108
           D:2 |       0 |      87 |   0.0 |       0 |      22 |   0.0 |  1080
           D:3 |       0 |     354 |   0.0 |       0 |      34 |   0.0 |   902
           D:4 |       0 |     505 |   0.0 |       0 |      17 |   0.0 |   996
           D:5 |       0 |     727 |   0.0 |       0 |      25 |   0.0 |  1011
           D:6 |       0 |     892 |   0.0 |       0 |      14 |   0.0 |  1171
           D:7 |       0 |    1803 |   0.0 |       0 |      38 |   0.0 |  1426
           D:8 |       0 |    1112 |   0.0 |       0 |      18 |   0.0 |   617
               +---------+---------+-------+---------+---------+-------+---------

Vault maps used:
D:1:      tarquinn_simple_flora_water_c
D:2:      nemelex_xobeh_ov_fountains_minmay, lemuel_doored_altar,
          minmay_hexomino_r4
D:3:      uniq_sigmund
D:4:      zin_statuary, first_bread, lemuel_old_faithful
D:5:      minivault_23
D:6:      fedhas_bush_and_centaur_altar, minmay_temple_entry_from_below_b,
          basic_altar, minmay_crystal_room, uniq_eustachio, uniq_prince_ribbit1,
          uniq_edmund
D:7:      lemuel_ice_spiral_2, serial_shops, nicolae_shop_stone, serial_undead,
          serial_undead_b, serial_undead_d, serial_undead_c, serial_undead_a,
          serial_undead_d, okawaru_altar_gauntlet_db
D:8:      serial_shops, nicolae_shop_behind_doors, hangedman_ranch,
          grunt_ministairs_15

Table legend:
 A = Turns spent in this place as a percentage of turns spent in the entire game.
 B = Non-inter-level travel turns spent in this place as a percentage of non-inter-level travel turns spent in the entire game.
 C = Inter-level travel turns spent in this place as a percentage of turns spent in this place.
 D = Turns resting spent in this place as a percentage of non-inter-level travel turns spent in this place.
 E = Turns spent auto-exploring this place as a percentage of non-inter-level travel turns spent in this place.
 F = Non-inter-level travel turns spent in this place divided by the number of levels of this place that you've seen.
                   A       B       C       D       E      F
               +-------+-------+-------+-------+-------+----------------------
         Total | 100.0 | 100.0 |   4.1 |  29.8 |  54.0 | 996.2
       Dungeon | 100.0 | 100.0 |   4.1 |  29.8 |  54.0 | 996.2
               +-------+-------+-------+-------+-------+----------------------

Table legend:
 A = Kills in this place as a percentage of kills in entire the game.
 B = Kills by you in this place as a percentage of kills by you in the entire game.
 C = Kills by friends in this place as a percentage of kills by friends in the entire game.
 D = Other kills in this place as a percentage of other kills in the entire game.
 E = Experience gained in this place as a percentage of experience gained in the entire game.
 F = Experience gained in this place divided by the number of levels of this place that you have seen.
                   A       B       C       D       E      F
               +-------+-------+-------+-------+-------+----------------------
         Total | 100.0 | 100.0 |   N/A |   N/A | 100.0 | 690.0
       Dungeon | 100.0 | 100.0 |   N/A |   N/A | 100.0 | 690.0
               +-------+-------+-------+-------+-------+----------------------
